CorruptionSegfaultFreeze, neutral female scurrid Tourist ---------------- ...............| |..@...........| |..'...........| -------+-------- CorruptionSegfaultFreeze the Rambler Experience level: 1 Strength: 13 Dexterity: 10 Constitution: 14 Intelligence: 11 Wisdom: 12 Charisma: 15 Health: 0(9) Energy: 2(2) Def: 0 Gold: 1194 Moves: 111 Dungeon seed: AdSyn1PiASqURPpr Game ID: CorruptionSegfaultFreeze_1508954685 Your Inventory: Coins $ - 1194 gold pieces Weapons a - 36 blessed +2 darts (in quiver) Armor n - an uncursed +0 Hawaiian shirt (being worn) Comestibles b - 2 uncursed tripe rations c - 9 uncursed food rations d - an uncursed tin of kobold meat Scrolls f - 3 uncursed scrolls of magic mapping g - a blessed scroll of magic mapping Potions e - 2 uncursed potions of extra healing Wands j - an uncursed wand of secret door detection (0:13) Tools h - an uncursed expensive camera (0:38) i - an uncursed credit card k - an uncursed tin opener Spells and supernatural/magical abilities: Name Level Category Fail Memory W - pray for help -- divine ? -- Your skills at the end: Miscellaneous Skills wands [Basic] Weapon Skills dart [Basic] Spellcasting Skills Final Attributes: You were devoutly aligned. You had infravision. You were very stealthy. You are dead. Vanquished creatures: a cave spider 2 newts 3 creatures vanquished. Voluntary challenges: You went without food. You did not adorn yourself with jewelry or accessories. You did not cause conflict. You were not invisible. You did not have reflection. You were not displaced. You were an atheist. You never hit with a wielded weapon. You were a pacifist. You did not use tools. You did not use plumbed fixtures. You did not drink any magical draughts. You were illiterate. You never genocided any monsters. You never polymorphed an object. You never changed form. You used no wishes. You never split a pudding. You never wrote Elbereth's name. You never violated your personal moral code. Dungeon overview: The Dungeons of Doom: levels 1 to 18 Level 1 a long staircase Level 2 Level 3 Level 4 Level 5 Level 6 Level 7 Level 8 Level 9 Level 10 Level 11 Level 12 a fountain Level 13 Level 14 a fountain Level 15 Level 16 Level 17 Level 18 <- You were here History has recorded: On T:1 you entered the Dungeons of Doom to retrieve the Amulet of Yendor! On T:10 you reached level 2 of The Dungeons of Doom. On T:16 you reached level 3 of The Dungeons of Doom. On T:22 you reached level 4 of The Dungeons of Doom. On T:28 you reached level 5 of The Dungeons of Doom. On T:34 you reached level 6 of The Dungeons of Doom. On T:40 you reached level 7 of The Dungeons of Doom. On T:46 you reached level 8 of The Dungeons of Doom. On T:52 you reached level 9 of The Dungeons of Doom. On T:58 you reached level 10 of The Dungeons of Doom. On T:65 you reached level 11 of The Dungeons of Doom. On T:71 you reached level 12 of The Dungeons of Doom. On T:78 you reached level 13 of The Dungeons of Doom. On T:84 you reached level 14 of The Dungeons of Doom. On T:90 you reached level 15 of The Dungeons of Doom. On T:97 you reached level 16 of The Dungeons of Doom. On T:103 you reached level 17 of The Dungeons of Doom. On T:103 you entered the Rogue tribute level. On T:110 you reached level 18 of The Dungeons of Doom. Score breakdown: Gold: 435 ( 43 points) Experience: 1 level ( 0 points) Exploration: 18 levels ( 510 points) Discoveries: 0 items ( 0 points) Variety of kills: 2 monsters ( 100 points) Major goal: (nothing yet) ( 0 points) Survival: died (score multiplied by 3) Total score: 1959 Latest messages: You continue digging downward. You dig a pit in the floor. You continue digging downward. (7x) You dig a hole through the floor. You fall through... You start digging downward. You continue digging downward. You dig a pit in the floor. You continue digging downward. (7x) You dig a hole through the floor. You fall through... You enter what seems to be an older, more primitive world. You start digging downward. You continue digging downward. You dig a pit in the floor. You continue digging downward. (7x) You dig a hole through the floor. You fall through... The straw golem claws you! (2x) You start digging downward. The straw golem claws you! (2x) You die... Final status: Aloha CorruptionSegfaultFreeze the Tourist, killed by a straw golem... You died in The Dungeons of Doom on dungeon level 18 with 1959 points, and 1194 pieces of gold, after 111 moves. You were level 1 with a maximum of 9 hit points when you died.